[Event "79th ITA-ch 2019"]
[Site "Padova"]
[Date "2019.11.28"]
[Round "5.1"]
[White "Brunello, Marina"]
[Black "Brunello, Sabino"]
[Result "1/2-1/2"]
[ECO "B90"]
[WhiteElo "2378"]
[BlackElo "2549"]
[Annotator "RC"]
[PlyCount "60"]
[EventDate "2019.11.24"]
[EventType "tourn"]
[EventCountry "ITA"]
[SourceTitle "playchess.com"]
[Source "ChessBase"]
[SourceQuality "1"]
[TimeControl "40/6600+30:20/3000+30:900+30"]

1. e4 c5 2. Nf3 d6 3. d4 cxd4 4. Nxd4 Nf6 5. Nc3 a6 6. Be3 e5 7. Nf3 Qc7 8. a4 Be6 9. Ng5 Bd7 10. a5 h6 11. Nf3 Be7 12. Nd2 Be6 13. Be2 Nbd7 14. O-O O-O 15. Re1 Rac8 16. Nf1 Rfd8 17. Ng3 Bf8 18. Bf3 g6 19. h3 Kh7 20. Nf1 Bg7 21. Re2 Qb8 22. Rd2 Nc5 23. Ng3 b5 24. axb6 Qxb6 25. Na4 Qb8 26. b3 Nxa4 27. Rxa4 Rc6 28. c4 Qb7 29. Ne2 Rb8 30. Nc1 Nd7 1/2-1/2

[Event "79th ITA-ch 2019"]
[Site "Padova"]
[Date "2019.11.29"]
[Round "6.2"]
[White "Di Benedetto, Edoardo"]
[Black "Valsecchi, Alessio"]
[Result "1/2-1/2"]
[ECO "D32"]
[WhiteElo "2396"]
[BlackElo "2504"]
[Annotator "ChessBase"]
[PlyCount "47"]
[EventDate "2019.11.24"]
[EventType "tourn"]
[EventCountry "ITA"]
[SourceTitle "playchess.com"]
[Source "ChessBase"]
[SourceQuality "1"]
[TimeControl "40/6600+30:20/3000+30:900+30"]

1. d4 d5 2. c4 e6 3. Nc3 c5 4. cxd5 exd5 5. Nf3 Nf6 6. Bg5 Be6 7. e3 c4 8. Be2 Bb4 9. O-O Nbd7 10. Qa4 Qa5 11. Qxa5 Bxa5 12. Rab1 Bf5 13. Rbc1 Bxc3 14. bxc3 Ne4 15. Bf4 f6 16. Nh4 Be6 17. f3 Ng5 18. Bg3 O-O 19. Bd1 Nf7 20. Bc2 Nh6 21. e4 Nb6 22. a4 g5 23. a5 Nc8 24. Nf5 1/2-1/2

[Event "79th ITA-ch 2019"]
[Site "Padova"]
[Date "2019.11.29"]
[Round "6.3"]
[White "Barp, Alberto"]
[Black "Gilevych, Artem"]
[Result "1-0"]
[ECO "E04"]
[WhiteElo "2382"]
[BlackElo "2437"]
[Annotator "ChessBase"]
[PlyCount "51"]
[EventDate "2019.11.24"]
[EventType "tourn"]
[EventCountry "ITA"]
[SourceTitle "playchess.com"]
[Source "ChessBase"]
[SourceQuality "1"]
[TimeControl "40/6600+30:20/3000+30:900+30"]

1. d4 d5 2. Nf3 Nf6 3. c4 e6 4. g3 dxc4 5. Bg2 a6 6. O-O Nc6 7. e3 Rb8 8. Nfd2 e5 9. Bxc6+ bxc6 10. dxe5 Ng4 11. Nxc4 Be6 12. Nbd2 Bb4 13. Qe2 h5 14. b3 h4 15. Nf3 hxg3 16. fxg3 Bc3 17. Bb2 Bxc4 18. Qxc4 Bxb2 19. Rad1 Qc8 20. Qxc6+ Ke7 21. Qc5+ Ke8 22. Rd2 Nxe3 23. Qxe3 Ba3 24. Ng5 Qb7 25. Nxf7 Qc6 26. Nd6+ 1-0

[Event "79th ITA-ch 2019"]
[Site "Padova"]
[Date "2019.11.29"]
[Round "6.4"]
[White "Bellia, Fabrizio"]
[Black "Basso, Pier Luigi"]
[Result "0-1"]
[ECO "C77"]
[WhiteElo "2433"]
[BlackElo "2563"]
[Annotator "RC"]
[PlyCount "111"]
[EventDate "2019.11.24"]
[EventType "tourn"]
[EventCountry "ITA"]
[SourceTitle "playchess.com"]
[Source "ChessBase"]
[SourceQuality "1"]
[TimeControl "40/6600+30:20/3000+30:900+30"]

1. e4 e5 2. Nf3 Nc6 3. Bb5 a6 4. Ba4 Nf6 5. d3 b5 6. Bb3 Bc5 7. O-O O-O 8. h3 h6 9. Nc3 d6 10. a3 Re8 11. Be3 Rb8 12. Qd2 Be6 13. Bxe6 Rxe6 14. Rfe1 Bxe3 15. Qxe3 d5 16. exd5 Nxd5 17. Nxd5 Qxd5 18. Qe4 Rd8 19. Qxd5 Rxd5 20. Rac1 f6 21. Kf1 Kf7 22. Re3 Rd8 23. Re4 f5 24. Re3 Kf6 25. g3 a5 26. Rce1 Rde8 27. Kg2 a4 28. c3 Na5 29. Nd2 c5 30. g4 g6 31. Rf3 c4 32. Ne4+ Kg7 33. gxf5 gxf5 34. Rxf5 cxd3 35. Rd1 Rd8 36. Rf3 Nc4 37. Rdxd3 Rxd3 38. Rxd3 Rb6 39. Rd7+ Kf8 40. Rd5 Ke7 41. Nc5 Rd6 42. Rxd6 Kxd6 43. Ne4+ Kc6 44. Kf3 Nxb2 45. Kg4 Nc4 46. Kf5 Nxa3 47. Kxe5 Nb1 48. Kd4 a3 49. Nc5 Nxc3 50. Nb3 Nd5 51. Ke5 b4 52. Kd4 Nb6 53. f4 Kb5 54. f5 Nd7 55. Kd3 Nc5+ 56. Kd4 0-1

[Event "79th ITA-ch 2019"]
[Site "Padova"]
[Date "2019.12.01"]
[Round "7"]
[White "Basso, Pier Luigi"]
[Black "Stella, Andrea"]
[Result "1/2-1/2"]
[ECO "D37"]
[WhiteElo "2563"]
[BlackElo "2475"]
[Annotator "ChessBase"]
[PlyCount "79"]
[EventDate "2019.11.24"]
[EventType "tourn"]
[EventCountry "ITA"]
[SourceTitle "playchess.com"]
[Source "ChessBase"]
[SourceQuality "1"]
[TimeControl "40/6600+30:20/3000+30:900+30"]

1. d4 e6 2. c4 Nf6 3. Nf3 d5 4. Nc3 dxc4 5. Qa4+ c6 6. Qxc4 b5 7. Qd3 a6 8. e4 c5 9. dxc5 Bxc5 10. e5 Qxd3 11. Bxd3 Nfd7 12. Be4 Ra7 13. Bf4 Bb7 14. Bxb7 Rxb7 15. Ke2 Nb6 16. Rac1 O-O 17. Ne4 Nd5 18. Bd2 Bb6 19. Be3 Nd7 20. g3 h6 21. Rhd1 Ra8 22. h4 a5 23. Nc3 Bxe3 24. fxe3 Nxc3+ 25. Rxc3 Kf8 26. e4 Ke7 27. Ke3 g5 28. hxg5 hxg5 29. g4 b4 30. Rc6 Rh8 31. Kf2 Rh3 32. Rc8 b3 33. a3 Nb6 34. Rg8 Rd7 35. Rxd7+ Kxd7 36. Kg2 Rh6 37. Nd2 a4 38. Rf8 Rh7 39. Rg8 Rh4 40. Kf3 1/2-1/2

[Event "79th ITA-ch 2019"]
[Site "Padova"]
[Date "2019.12.01"]
[Round "7"]
[White "David, Alberto"]
[Black "Brunello, Sabino"]
[Result "1-0"]
[ECO "B90"]
[WhiteElo "2542"]
[BlackElo "2549"]
[Annotator "ChessBase"]
[PlyCount "69"]
[EventDate "2019.11.24"]
[EventType "tourn"]
[EventCountry "ITA"]
[SourceTitle "playchess.com"]
[Source "ChessBase"]
[SourceQuality "1"]
[TimeControl "40/6600+30:20/3000+30:900+30"]

1. e4 c5 2. Nf3 d6 3. d4 cxd4 4. Nxd4 Nf6 5. Nc3 a6 6. h3 e6 7. g4 Nfd7 8. Be3 b5 9. a3 Bb7 10. g5 Nb6 11. h4 N8d7 12. h5 Rc8 13. g6 hxg6 14. hxg6 Rxh1 15. gxf7+ Kxf7 16. Qf3+ Nf6 17. Qxh1 Rxc3 18. bxc3 Bxe4 19. Qh3 Bd5 20. Nf3 Bxf3 21. Qxf3 d5 22. Bd3 Qc7 23. Kf1 Qxc3 24. Re1 Nbd7 25. Qg3 Bxa3 26. Qg6+ Kf8 27. Bh6 gxh6 28. Rxe6 Bc1 29. Rxa6 Qe5 30. Bf5 Bd2 31. Bxd7 Nxd7 32. Re6 Qa1+ 33. Kg2 Qa8 34. Qf5+ Kg8 35. Re7 1-0

[Event "79th ITA-ch 2019"]
[Site "Padova"]
[Date "2019.12.01"]
[Round "7"]
[White "Moroni, Luca Jr"]
[Black "Di Benedetto, Edoardo"]
[Result "1-0"]
[ECO "C11"]
[WhiteElo "2541"]
[BlackElo "2396"]
[Annotator "ChessBase"]
[PlyCount "73"]
[EventDate "2019.11.24"]
[EventType "tourn"]
[EventCountry "ITA"]
[SourceTitle "playchess.com"]
[Source "ChessBase"]
[SourceQuality "1"]
[TimeControl "40/6600+30:20/3000+30:900+30"]

1. e4 e6 2. d4 d5 3. Nc3 Nf6 4. e5 Nfd7 5. f4 c5 6. Nf3 Nc6 7. Be3 a6 8. Qd2 cxd4 9. Nxd4 Bc5 10. O-O-O O-O 11. Qf2 Nxd4 12. Bxd4 Qe7 13. Bd3 b5 14. Kb1 Bb7 15. h4 Bxd4 16. Qxd4 b4 17. Ne2 Qc5 18. h5 a5 19. g4 Ba6 20. Rh3 Qxd4 21. Nxd4 Nc5 22. h6 g6 23. f5 Rfe8 24. Re3 Kh8 25. fxe6 fxe6 26. Rf1 Bxd3 27. cxd3 Kg8 28. Nb5 Rf8 29. Rc1 Na4 30. Re2 Rab8 31. Nd4 Rbe8 32. Rc6 Rf1+ 33. Kc2 Rf4 34. Nxe6 Rxg4 35. Nc7 Rc8 36. e6 Nb6 37. e7 1-0

[Event "79th ITA-ch 2019"]
[Site "Padova"]
[Date "2019.12.01"]
[Round "7"]
[White "Lodici, Lorenzo"]
[Black "Brunello, Marina"]
[Result "0-1"]
[ECO "D11"]
[WhiteElo "2459"]
[BlackElo "2378"]
[Annotator "ChessBase"]
[PlyCount "62"]
[EventDate "2019.11.24"]
[EventType "tourn"]
[EventCountry "ITA"]
[SourceTitle "playchess.com"]
[Source "ChessBase"]
[SourceQuality "1"]
[TimeControl "40/6600+30:20/3000+30:900+30"]

1. d4 d5 2. c4 c6 3. Nf3 Nf6 4. Qc2 dxc4 5. e4 b5 6. b3 cxb3 7. axb3 e6 8. Bd2 Bb7 9. Ba5 Qc8 10. Nbd2 Nbd7 11. b4 Qb8 12. Bd3 e5 13. dxe5 Nxe5 14. Nxe5 Qxe5 15. O-O Be7 16. Nf3 Qf4 17. Rfe1 g6 18. e5 Nd5 19. e6 f5 20. Ne5 O-O 21. Nxc6 Bf6 22. e7 Rfe8 23. Qc5 Nc3 24. Re6 Bg7 25. Rf1 Rac8 26. Bd8 Rxc6 27. Rxc6 Be5 28. g3 Qf3 29. Qxe5 Bxc6 30. Qe6+ Kg7 31. Qe5+ Kf7 0-1

[Event "79th ITA-ch 2019"]
[Site "Padova"]
[Date "2019.12.01"]
[Round "7"]
[White "Gilevych, Artem"]
[Black "Bellia, Fabrizio"]
[Result "0-1"]
[ECO "A17"]
[WhiteElo "2437"]
[BlackElo "2433"]
[Annotator "NA"]
[PlyCount "44"]
[EventDate "2019.11.24"]
[EventType "tourn"]
[EventCountry "ITA"]
[SourceTitle "playchess.com"]
[Source "ChessBase"]
[SourceQuality "1"]
[TimeControl "40/6600+30:20/3000+30:900+30"]

1. Nf3 Nf6 2. c4 e6 3. Nc3 Bb4 4. d4 b6 5. e3 Bb7 6. Bd3 O-O 7. O-O d5 8. cxd5 exd5 9. a3 Bd6 10. b4 a6 11. Qb3 Qe7 12. Ra2 {E52: Nimzo-Indian: Rubinstein: 4...0-0 5 Nf3 d5 6 Bd3 b6} Nbd7 13. Re2 Rfe8 (13... b5 14. Nd2 Ne4 15. Nxd5 Bxd5 16. Qxd5 Nc3 17. Qc6 Nxe2+ 18. Bxe2 Nb6 19. e4 a5 20. Bxb5 axb4 {½-½ (88) Mamedyarov,S (2736)-Karjakin,S (2762) Baku 2015}) 14. Nd2 Ne4 15. Nxd5 Bxd5 16. Qxd5 Nc3 17. Qc6 Nxe2+ 18. Bxe2 Nf8 $146 ({Predecessor:} 18... a5 19. bxa5 bxa5 {1-0 (55) Zhang,Z (2313)-Lou,Y (2447) Shenzhen 2016}) 19. Bf3 Rab8 $14 20. Nc4 Ng6 21. Bd2 Qf6 22. Be2 Bxh2+ 0-1

[Event "79th ITA-ch 2019"]
[Site "Padova"]
[Date "2019.12.02"]
[Round "8"]
[White "Brunello, Sabino"]
[Black "Di Benedetto, Edoardo"]
[Result "1-0"]
[ECO "C00"]
[WhiteElo "2549"]
[BlackElo "2396"]
[Annotator "ChessBase"]
[PlyCount "83"]
[EventDate "2019.11.24"]
[EventType "tourn"]
[EventCountry "ITA"]
[SourceTitle "playchess.com"]
[Source "ChessBase"]
[SourceQuality "1"]
[TimeControl "40/6600+30:20/3000+30:900+30"]

1. e4 e6 2. d3 d5 3. Qe2 Nf6 4. Nf3 c5 5. g3 g6 6. e5 Nfd7 7. h4 Nc6 8. Bf4 Bg7 9. c3 b6 10. a4 Ba6 11. Na3 Qc7 12. Nb5 Bxb5 13. axb5 Ncxe5 14. Nd2 Rc8 15. Bg2 O-O 16. O-O Qd8 17. Rxa7 h5 18. Bh3 Re8 19. Rfa1 c4 20. dxc4 Nxc4 21. Nxc4 Rxc4 22. Qf3 Rf8 23. Rb7 Nc5 24. Rba7 Nd7 25. Bf1 Rc8 26. Bg5 Ne5 27. Qe3 Bf6 28. Bxf6 Qxf6 29. R1a4 Rc5 30. Rf4 Qg7 31. Rb7 Ng4 32. Qd2 e5 33. Ra4 e4 34. Rxb6 e3 35. fxe3 Qe5 36. Rf4 Nxe3 37. Qd4 Qc7 38. Rbf6 Nxf1 39. b6 Nxg3 40. Rxg6+ fxg6 41. Rxf8+ Kxf8 42. Qh8+ 1-0

[Event "79th ITA-ch 2019"]
[Site "Padova"]
[Date "2019.12.02"]
[Round "8"]
[White "David, Alberto"]
[Black "Lodici, Lorenzo"]
[Result "1-0"]
[ECO "B10"]
[WhiteElo "2542"]
[BlackElo "2459"]
[Annotator "ChessBase"]
[PlyCount "99"]
[EventDate "2019.11.24"]
[EventType "tourn"]
[EventCountry "ITA"]
[SourceTitle "playchess.com"]
[Source "ChessBase"]
[SourceQuality "1"]
[TimeControl "40/6600+30:20/3000+30:900+30"]

1. e4 c6 2. Nc3 d5 3. Nf3 Nf6 4. e5 Ne4 5. Ne2 Qb6 6. d4 e6 7. Ng3 c5 8. Bd3 Nxg3 9. fxg3 cxd4 10. O-O Nc6 11. Qe2 h6 12. a3 Bd7 13. g4 Be7 14. b4 O-O-O 15. Bf4 f6 16. Kh1 Rdf8 17. Bg3 h5 18. exf6 gxf6 19. gxh5 Rxh5 20. Nxd4 Rfh8 21. Nxe6 Bd6 22. Bxd6 Ne5 23. Bxe5 Rxe5 24. Qf2 Rxe6 25. Qxb6 Rxb6 26. Rf4 Re6 27. Raf1 Rh6 28. Kg1 Kd8 29. Rg4 Re5 30. Rg8+ Re8 31. Rg3 Re5 32. h3 Ke7 33. Rg7+ Kd6 34. Rf7 Ke6 35. Rg7 a6 36. Rf4 Kd6 37. Rf7 Ke6 38. Rg7 Re1+ 39. Kf2 Ra1 40. Rf3 Kd6 41. Bg6 Bb5 42. Kg3 Ke5 43. Bf5 Bc6 44. Re7+ Kd4 45. Ree3 Rd1 46. Bd3 Rd2 47. Be2 Rxc2 48. Kf2 Rh4 49. g4 Bb5 50. Rf4# 1-0

[Event "79th ITA-ch 2019"]
[Site "Padova"]
[Date "2019.12.02"]
[Round "8"]
[White "Stella, Andrea"]
[Black "Gilevych, Artem"]
[Result "1/2-1/2"]
[ECO "D31"]
[WhiteElo "2475"]
[BlackElo "2437"]
[Annotator "ChessBase"]
[PlyCount "79"]
[EventDate "2019.11.24"]
[EventType "tourn"]
[EventCountry "ITA"]
[SourceTitle "playchess.com"]
[Source "ChessBase"]
[SourceQuality "1"]
[TimeControl "40/6600+30:20/3000+30:900+30"]

1. d4 d5 2. c4 e6 3. Nc3 Bb4 4. Nf3 dxc4 5. e4 b5 6. a4 c6 7. Be2 Bb7 8. O-O a6 9. Bd2 Nf6 10. e5 Bxc3 11. bxc3 Ne4 12. Qb1 Nxd2 13. Nxd2 Ra7 14. Ne4 O-O 15. Nd6 Bc8 16. Bxc4 Rc7 17. Bd3 h6 18. f4 Nd7 19. f5 exf5 20. Bxf5 Nb6 21. axb5 axb5 22. Rf3 Nc4 23. Nxc4 bxc4 24. Bxc8 Qxc8 25. Qf1 Qe6 26. Ra4 c5 27. Qxc4 Rfc8 28. Qxe6 fxe6 29. Ra6 cxd4 30. cxd4 Rd7 31. Ra4 Rc1+ 32. Rf1 Rc2 33. h4 Rd2 34. Rf4 h5 35. Kh2 Rb7 36. Rf3 Rd7 37. Rf4 Rb7 38. Rf3 Rd7 39. Rf4 Rb7 40. Rf3 1/2-1/2

[Event "79th ITA-ch 2019"]
[Site "Padova"]
[Date "2019.12.02"]
[Round "8"]
[White "Barp, Alberto"]
[Black "Moroni, Luca Jr"]
[Result "0-1"]
[ECO "E10"]
[WhiteElo "2382"]
[BlackElo "2541"]
[Annotator "ChessBase"]
[PlyCount "56"]
[EventDate "2019.11.24"]
[EventType "tourn"]
[EventCountry "ITA"]
[SourceTitle "playchess.com"]
[Source "ChessBase"]
[SourceQuality "1"]
[TimeControl "40/6600+30:20/3000+30:900+30"]

1. d4 Nf6 2. c4 e6 3. Nf3 a6 4. Nc3 d5 5. c5 Nc6 6. h3 Ne4 7. e3 f5 8. Bd2 Be7 9. Rb1 O-O 10. b4 Bf6 11. Qc2 Bd7 12. b5 axb5 13. Bxb5 Be8 14. Ne2 g5 15. Bxc6 bxc6 16. Ne5 Bxe5 17. dxe5 f4 18. Nd4 Qd7 19. Rc1 Bg6 20. Qb2 Rab8 21. Nb3 f3 22. g3 Nxg3 23. fxg3 f2+ 24. Ke2 Qc8 25. Qa3 Ra8 26. Na5 Qa6+ 27. Nc4 dxc4 28. Qxa6 Bd3+ 0-1

[Event "79th ITA-ch 2019"]
[Site "Padova"]
[Date "2019.12.02"]
[Round "8"]
[White "Brunello, Marina"]
[Black "Basso, Pier Luigi"]
[Result "0-1"]
[ECO "C50"]
[WhiteElo "2378"]
[BlackElo "2563"]
[Annotator "ChessBase"]
[PlyCount "112"]
[EventDate "2019.11.24"]
[EventType "tourn"]
[EventCountry "ITA"]
[SourceTitle "playchess.com"]
[Source "ChessBase"]
[SourceQuality "1"]
[TimeControl "40/6600+30:20/3000+30:900+30"]

1. e4 e5 2. Nf3 Nc6 3. Bc4 Bc5 4. d3 Nf6 5. O-O O-O 6. a4 h6 7. c3 a5 8. Re1 d6 9. h3 Be6 10. Nbd2 Bxc4 11. Nxc4 Re8 12. Be3 Bxe3 13. Nxe3 Qd7 14. Nf5 Kh7 15. Nh2 Ne7 16. Nxe7 Rxe7 17. Ng4 Nxg4 18. Qxg4 Re6 19. f4 exf4 20. Qxf4 Rf6 21. Qe3 Re8 22. Rf1 Rxf1+ 23. Rxf1 f6 24. Qd4 Re5 25. Qc4 Rc5 26. Qd4 Qe6 27. c4 Rg5 28. Rf3 b6 29. Qf2 Qe8 30. Rf5 Qxa4 31. Rxg5 hxg5 32. Qf5+ Kh6 33. Qc8 Qc6 34. g4 Qc5+ 35. Kg2 Kh7 36. Kf3 Qe5 37. Qxc7 Qd4 38. Ke2 Qxb2+ 39. Kd1 Qd4 40. Kc2 a4 41. Qa7 Qf2+ 42. Kc3 Qe1+ 43. Kc2 Qe2+ 44. Kc3 Qd1 45. Qd7 Qb3+ 46. Kd2 Qb2+ 47. Kd1 Qd4 48. Qf5+ Kh6 49. Ke2 Qb2+ 50. Kd1 Qc3 51. Ke2 Qc2+ 52. Ke3 Qh2 53. Qd7 a3 54. Qc8 Qf4+ 55. Ke2 Kh7 56. Qe8 Qe5 0-1

[Event "79th ITA-ch 2019"]
[Site "Padova"]
[Date "2019.12.04"]
[Round "10"]
[White "Brunello, Sabino"]
[Black "Barp, Alberto"]
[Result "1-0"]
[ECO "C86"]
[WhiteElo "2549"]
[BlackElo "2382"]
[Annotator "ChessBase"]
[PlyCount "64"]
[EventDate "2019.11.24"]
[EventType "tourn"]
[EventCountry "ITA"]
[SourceTitle "playchess.com"]
[Source "ChessBase"]
[SourceQuality "1"]
[TimeControl "40/6600+30:20/3000+30:900+30"]

1. e4 e5 2. Nf3 Nc6 3. Bb5 a6 4. Ba4 Nf6 5. O-O b5 6. Bb3 Be7 7. Qe2 O-O 8. c3 d6 9. d4 Bg4 10. Rd1 exd4 11. cxd4 d5 12. exd5 Nb4 13. h3 Bc8 14. Nc3 Bb7 15. a4 bxa4 16. Rxa4 Nbxd5 17. Ne5 Qc8 18. Rd3 Qf5 19. Rg3 Nxc3 20. bxc3 Nh5 21. Rg4 Nf6 22. Bc2 Qh5 23. Ra5 c5 24. Bg5 Kh8 25. Bxf6 Bxf6 26. Rxc5 Rae8 27. Qd3 Bxe5 28. dxe5 Bc8 29. Rd4 g6 30. Qg3 Re7 31. Rh4 Qe2 32. Qg5 Rfe8 1-0

[Event "79th ITA-ch 2019"]
[Site "Padova"]
[Date "2019.12.04"]
[Round "10"]
[White "David, Alberto"]
[Black "Gilevych, Artem"]
[Result "1/2-1/2"]
[ECO "C10"]
[WhiteElo "2542"]
[BlackElo "2437"]
[Annotator "ChessBase"]
[PlyCount "61"]
[EventDate "2019.11.24"]
[EventType "tourn"]
[EventCountry "ITA"]
[SourceTitle "playchess.com"]
[Source "ChessBase"]
[SourceQuality "1"]
[TimeControl "40/6600+30:20/3000+30:900+30"]

1. e4 e6 2. d4 d5 3. Nd2 dxe4 4. Nxe4 Nd7 5. g3 Ngf6 6. Nxf6+ Nxf6 7. Bg2 c5 8. Nf3 Qa5+ 9. c3 Qa6 10. Qb3 c4 11. Qd1 b5 12. O-O Bb7 13. Bg5 Be7 14. Re1 O-O 15. a4 b4 16. Bxf6 Bxf6 17. Ne5 Bxe5 18. Rxe5 Bxg2 19. Kxg2 Rab8 20. Qf3 Rfc8 21. d5 exd5 22. Rxd5 bxc3 23. bxc3 Rd8 24. Rxd8+ Rxd8 25. Rd1 Rf8 26. Rd7 Qxa4 27. Qd5 h6 28. Rc7 Qb3 29. Rxa7 Qxc3 30. Rc7 Qd3 31. Qxc4 1/2-1/2

[Event "79th ITA-ch 2019"]
[Site "Padova"]
[Date "2019.12.04"]
[Round "10"]
[White "Stella, Andrea"]
[Black "Moroni, Luca Jr"]
[Result "1/2-1/2"]
[ECO "A10"]
[WhiteElo "2475"]
[BlackElo "2541"]
[Annotator "ChessBase"]
[PlyCount "105"]
[EventDate "2019.11.24"]
[EventType "tourn"]
[EventCountry "ITA"]
[SourceTitle "playchess.com"]
[Source "ChessBase"]
[SourceQuality "1"]
[TimeControl "40/6600+30:20/3000+30:900+30"]

1. c4 b6 2. d4 Bb7 3. Nc3 e6 4. e4 Bb4 5. Qc2 Ne7 6. Bd3 f5 7. Nge2 O-O 8. O-O Nbc6 9. Bd2 Qe8 10. a3 Bxc3 11. Bxc3 f4 12. d5 Nd8 13. f3 Ng6 14. b4 Nf7 15. Qb2 e5 16. a4 Nh4 17. a5 Qe7 18. Nc1 g5 19. Nb3 Rab8 20. c5 h5 21. axb6 axb6 22. d6 cxd6 23. cxb6 g4 24. Na5 gxf3 25. gxf3 Kh8 26. Kh1 Ng5 27. Nxb7 Rxb7 28. Ra7 Rbb8 29. Bb5 Ngxf3 30. Qe2 Rxb6 31. Bxd7 Rg8 32. Rxf3 Qg5 33. Ra1 Nxf3 34. Qxf3 Ra6 35. Rf1 Rg7 36. Bh3 Ra8 37. Be1 Ra1 38. Bf2 Rxf1+ 39. Bxf1 Rc7 40. b5 Rc1 41. Qg2 Qg4 42. Qxg4 hxg4 43. Kg2 Rb1 44. b6 f3+ 45. Kg1 Kg7 46. Be3 Kg6 47. Kf2 Kh5 48. Ba6 Kh4 49. b7 Rb2+ 50. Kg1 Rb1+ 51. Kf2 Rb2+ 52. Kg1 Rb1+ 53. Kf2 1/2-1/2

[Event "79th ITA-ch 2019"]
[Site "Padova"]
[Date "2019.12.04"]
[Round "10"]
[White "Lodici, Lorenzo"]
[Black "Basso, Pier Luigi"]
[Result "1-0"]
[ECO "D47"]
[WhiteElo "2459"]
[BlackElo "2563"]
[Annotator "ChessBase"]
[PlyCount "119"]
[EventDate "2019.11.24"]
[EventType "tourn"]
[EventCountry "ITA"]
[SourceTitle "playchess.com"]
[Source "ChessBase"]
[SourceQuality "1"]
[TimeControl "40/6600+30:20/3000+30:900+30"]

1. d4 d5 2. c4 c6 3. Nc3 Nf6 4. Nf3 e6 5. e3 Nbd7 6. Bd3 dxc4 7. Bxc4 b5 8. Bd3 Bb7 9. e4 b4 10. Na4 c5 11. e5 Nd5 12. O-O cxd4 13. Nxd4 Nxe5 14. Bb5+ Nd7 15. Re1 Rc8 16. b3 Be7 17. Rxe6 O-O 18. Nc6 Bxc6 19. Rxc6 Nc7 20. Bf1 Ne5 21. Qxd8 Rfxd8 22. Rc2 Ne6 23. Rxc8 Rxc8 24. Be3 Rc2 25. Rc1 Rxc1 26. Bxc1 Nc6 27. g3 Ned4 28. f4 f5 29. Kf2 Kf8 30. Ke3 Bf6 31. Bd2 Ke7 32. Bg2 Kd6 33. Kd3 h5 34. Nb2 h4 35. Nc4+ Kc7 36. Ne3 Kd6 37. gxh4 g6 38. h5 gxh5 39. Nd5 Bg7 40. Nxb4 Ne7 41. Be3 Ne6 42. Kc4 a5 43. Nd3 Nc6 44. Bd2 Bh6 45. a4 h4 46. Bxc6 Kxc6 47. Bxa5 Bxf4 48. Nxf4 Nxf4 49. b4 Ng6 50. b5+ Kb7 51. Kd4 h3 52. Bd8 Nf8 53. Be7 Ng6 54. Bg5 Kb6 55. Bd8+ Ka7 56. a5 Nf8 57. Ke5 f4 58. Bb6+ Kb7 59. Kxf4 Ne6+ 60. Ke4 1-0

[Event "79th ITA-ch 2019"]
[Site "Padova"]
[Date "2019.12.04"]
[Round "10"]
[White "Bellia, Fabrizio"]
[Black "Di Benedetto, Edoardo"]
[Result "1-0"]
[ECO "C11"]
[WhiteElo "2433"]
[BlackElo "2396"]
[Annotator "NA"]
[PlyCount "99"]
[EventDate "2019.11.24"]
[EventType "tourn"]
[EventCountry "ITA"]
[SourceTitle "playchess.com"]
[Source "ChessBase"]
[SourceQuality "1"]
[TimeControl "40/6600+30:20/3000+30:900+30"]

1. e4 e6 2. d4 d5 3. Nc3 Nf6 4. e5 Nfd7 5. f4 c5 6. Nf3 Nc6 7. Be3 Be7 8. a3 O-O 9. dxc5 Bxc5 10. Bxc5 Nxc5 11. b4 Nd7 12. Bd3 f6 13. O-O $1 fxe5 14. Bxh7+ $1 Kxh7 15. Ng5+ {Double Attack} Kg8 16. Nxe6 {Double Attack} Qb6+ 17. Kh1 Nf6 $18 ({Better is} 17... Ne7 $14 18. Nxf8 Nxf8) 18. Nxf8 Bg4 19. Nd7 Bxd7 20. Nxd5 Qd4 21. Nxf6+ gxf6 22. fxe5 Qxd1 23. Raxd1 Nxe5 24. Rxf6 Rc8 25. Rf2 Ba4 26. Rd5 Nf7 27. Ra5 Bxc2 28. Rxa7 Be4 29. h3 Rc3 30. Kh2 Kg7 31. b5 Nd6 32. Ra4 Nc4 33. Rb4 Bd5 34. a4 b6 35. Rb1 Rd3 36. Re1 Ne3 37. Rc1 Kg6 38. Rc8 Ra3 39. Rb8 Nc4 40. Rd8 Be6 41. Rdf8 Bd5 42. R8f6+ Kh7 43. R6f5 Ne3 44. R5f4 Ra1 45. Rd4 Bc4 46. Kg3 Kg6 47. Rd6+ Kg5 48. h4+ Kh5 49. Rff6 Nf1+ 50. Kf4 1-0

[Event "79th ITA-ch 2019"]
[Site "Padova"]
[Date "2019.12.04"]
[Round "10"]
[White "Brunello, Marina"]
[Black "Valsecchi, Alessio"]
[Result "0-1"]
[ECO "B32"]
[WhiteElo "2378"]
[BlackElo "2504"]
[Annotator "ChessBase"]
[PlyCount "129"]
[EventDate "2019.11.24"]
[EventType "tourn"]
[EventCountry "ITA"]
[SourceTitle "playchess.com"]
[Source "ChessBase"]
[SourceQuality "1"]
[TimeControl "40/6600+30:20/3000+30:900+30"]

1. e4 c5 2. Nf3 Nc6 3. d4 cxd4 4. Nxd4 Qb6 5. Nb3 Nf6 6. Nc3 e6 7. a3 Be7 8. Bf4 h5 9. h3 e5 10. Be3 Qd8 11. Be2 d6 12. Bg5 g6 13. Bc4 a6 14. Qd2 Be6 15. Bxe6 fxe6 16. O-O-O Rf8 17. Kb1 Qc7 18. Qe3 O-O-O 19. Bxf6 Bxf6 20. Rd3 Kb8 21. Rhd1 Be7 22. Na2 Rc8 23. f3 g5 24. g4 Rh8 25. Rc3 Qd8 26. Nb4 Nxb4 27. Rxc8+ Qxc8 28. axb4 Qc4 29. Qd2 b6 30. Qd3 Qxd3 31. Rxd3 hxg4 32. hxg4 Rh1+ 33. Ka2 Kc7 34. Nd2 b5 35. Nb1 Rc1 36. Na3 Kc6 37. Rc3+ Kd7 38. Rd3 Kc6 39. Rc3+ Kd7 40. Rd3 d5 41. exd5 exd5 42. Rxd5+ Ke6 43. Rd3 Bxb4 44. Kb3 Bc5 45. c3 Rf1 46. Nc2 Rf2 47. Na3 Bd6 48. c4 b4 49. Nb1 e4 50. fxe4 Bf4 51. Kxb4 Rxb2+ 52. Rb3 Bd6+ 53. Kc3 Be5+ 54. Kb4 Bd6+ 55. Kc3 Rxb3+ 56. Kxb3 Ke5 57. Nc3 Kf4 58. Ka4 Kxg4 59. Nd5 Kf3 60. Nf6 Be5 61. Nd7 Kxe4 62. Ka5 g4 63. c5 g3 64. Nxe5 Kxe5 65. c6 0-1

[Event "79th ITA-ch 2019"]
[Site "Padova"]
[Date "2019.12.03"]
[Round "10.1"]
[White "Lodici, Lorenzo"]
[Black "Brunello, Sabino"]
[Result "1-0"]
[ECO "D10"]
[WhiteElo "2459"]
[BlackElo "2549"]
[Annotator "ChessBase"]
[PlyCount "81"]
[EventDate "2019.11.24"]
[EventType "tourn"]
[EventCountry "ITA"]
[SourceTitle "playchess.com"]
[Source "ChessBase"]
[SourceQuality "1"]
[TimeControl "40/6600+30:20/3000+30:900+30"]

1. d4 d5 2. c4 c6 3. cxd5 cxd5 4. Bg5 h6 5. Bh4 Qb6 6. Nc3 e6 7. Qd2 Be7 8. Bxe7 Nxe7 9. e3 O-O 10. Bd3 Bd7 11. Nf3 Rc8 12. O-O Be8 13. Rac1 Nbc6 14. e4 Nb4 15. Bb1 dxe4 16. Nxe4 Rxc1 17. Rxc1 Rd8 18. Rc3 Nbd5 19. Rc5 Nf5 20. a3 Bc6 21. b4 a6 22. h4 Qc7 23. g4 Nfe7 24. Ne5 f6 25. Nxc6 Nxc6 26. Ba2 Qf4 27. Qxf4 Nxf4 28. d5 exd5 29. Nc3 Ne7 30. Rc7 Kf8 31. Rxb7 Neg6 32. Kh2 Nxh4 33. Kg3 g5 34. Rb6 Kg7 35. Rxa6 f5 36. gxf5 Nxf5+ 37. Kg4 Ne7 38. b5 Rc8 39. b6 Rxc3 40. b7 Nfg6 41. b8=Q 1-0